 Dungeon Crawl Stone Soup version 0.31-a0-523-g071a6c1ffa (webtiles) character file.

Game seed: 17472028629794142286

7324 flinch the Grappler (level 10, -2/77 HPs)
             Began as a Demonspawn Shapeshifter on Aug 11, 2023.
             Was a Priest of Makhleb.
             Drowned by Harold the water nymph (13 damage)
             ... on level 10 of the Dungeon.
             The game lasted 00:22:56 (10914 turns).

flinch the Grappler (Demonspawn Shapeshifter)      Turns: 10914, Time: 00:22:57

Health: -2/77      AC: 11    Str: 19    XL:     10   Next: 90%
Magic:  15/15      EV: 13    Int:  9    God:    Makhleb [***...]
Gold:   378        SH:  0    Dex: 15    Spells: 9/9 levels left

rFire   . .          .
                       - Unarmed
rCold   . . .        (no shield)
rNeg    . . .        G - +0 plate armour
rPois   .            A - melded +0 helmet
rElec   .            h - melded +0 cloak
rCorr   .            (gloves currently unavailable)
SInv    .            H - melded +0 pair of boots
Will    .....        (no amulet) Stlth
                     D - +5 ring of evasion
HPRegen 0.32/turn    I - ring of flight
MPRegen 0.14/turn

%: no passive effects
@: mighty, about to teleport, beast-form, flying
A: beast (slay +4), claws 2, demonic guardian 1, sturdy frame 1
a: Begin Untransformation, Renounce Religion, Minor Destruction, Lesser Servant
of Makhleb


You were on level 10 of the Dungeon.
You worshipped Makhleb.
Makhleb was most pleased with you.
You were a hulking beast.
You visited 1 branch of the dungeon, and saw 10 of its levels.

You collected 543 gold pieces.
You spent 165 gold pieces at shops.

Inventory:

Hand Weapons
 b - a +0 orcbow
Missiles
 f - 12 poisoned darts
 t - 6 curare-tipped darts
 E - a throwing net
Armour
 h - a +0 cloak (melded)
 A - a +0 helmet (melded)
 C - a +0 chain mail of positive energy
 G - a +0 plate armour (worn)
 H - a +0 pair of boots (melded)
Jewellery
 D - a +5 ring of evasion (left claw)
 I - a ring of flight (right claw)
 K - a ring of magical power
 Q - a ring of resist corrosion
Talismans
 c - a beast talisman (active)
 d - a flux talisman
Wands
 l - a wand of mindburst (15)
 q - a wand of charming (7)
 F - a wand of polymorph (1)
 L - a wand of flame (11)
Scrolls
 a - a scroll of silence
 e - 4 scrolls of enchant weapon
 g - 4 scrolls of vulnerability
 i - 2 scrolls of immolation
 k - 2 scrolls of blinking
 m - 2 scrolls of teleportation
 r - 2 scrolls of butterflies
 s - 2 scrolls of identify
 w - a scroll of poison
 y - 3 scrolls of fear
 J - 2 scrolls of amnesia
 P - a scroll of brand weapon
Potions
 j - 2 potions of heal wounds {unknown}
 n - 2 potions of invisibility {unknown}
 o - a potion of berserk rage {unknown}
 p - a potion of degeneration {unknown}
 u - 2 potions of curing
 v - 2 potions of mutation {unknown}
 x - 2 potions of brilliance {unknown}
 z - 2 potions of enlightenment {unknown}
 B - 2 potions of might
 M - a potion of magic {unknown}
 N - a potion of ambrosia {unknown}
 O - a potion of resistance {unknown}


   Skills:
 + Level 6.5 Fighting
 - Level 2.5 Ranged Weapons
 - Level 1.1 Throwing
 - Level 4.0 Armour
 + Level 3.2 Dodging
 * Level 8.7 Unarmed Combat
 + Level 7.3 Invocations
 - Level 2.1 Evocations
 * Level 7.4 Shapeshifting


You had 9 spell levels left.
You didn't know any spells.
Your spell library contained the following spells:

 Spells                   Type           Power      Damage    Failure   Level
 Summon Small Mammal      Summ           0%         N/A       99%         1
 Lesser Beckoning         Tloc           0%         N/A       100%        2
 Poisonous Vapours        Pois/Air       0%         N/A       100%        2
 Call Canine Familiar     Summ           0%         N/A       100%        3
 Gell's Gravitas          Tloc           0%         N/A       100%        3
 Mephitic Cloud           Conj/Pois/Air  0%         N/A       100%        3
 Stone Arrow              Conj/Erth      0%         3d7       100%        3
 Summon Guardian Golem    Hex/Summ       0%         N/A       100%        3
 Teleport Other           Tloc           0%         N/A       100%        3
 Animate Armour           Summ/Erth      0%         N/A       100%        4
 Freezing Cloud           Conj/Ice/Air   0%         6-21      100%        5
 Dispersal                Tloc           0%         N/A       100%        6
 Lehudib's Crystal Spear  Conj/Erth      0%         10d2      100%        8


Dungeon Overview and Level Annotations

Branches:
Dungeon (10/15)            Temple (0/1) D:6            Lair (0/5) D:8
    Orc: D:9-12

Altars:
Dithmenos
Fedhas
Gozag
Kikubaaqudgha
Makhleb
Nemelex Xobeh
Ru
Wu Jian

Shops:
D:5 [   D:7 (   D:9 :

Annotations:
D:2 1 runed translucent door, Crazy Yiuf
D:4 2 transporters, mohammadb5305's ghost, amateur HuFE
D:6 Edmund
D:10 Harold


Innate Abilities, Weirdness & Mutations

You are a hulking beast.
Your limbs bulge with bestial killing power. (Slay +4)
You have very sharp fingernails.
A weak demonic guardian rushes to your aid.
Your movements are slightly less encumbered by armour. (ER -2)


Message History

Harold evaporates and reforms as a water nymph!
Aiming: Mindburst
Press: ? - help, Shift-Dir - straight line, f/p - Harold
Aim: Harold the water nymph (chance to affect: 12%)
Okay, then.
Aiming: Throw Flame
Press: ? - help, Shift-Dir - straight line, f/p - Harold
Aim: Harold the water nymph (60% to hit)
The puff of flame misses Harold.
Harold is nearby!
Okay, then.
Unknown command.
Found 7 gold pieces.
Harold's watery aura covers the open door.
You scratch Harold. You claw Harold!
Harold is moderately wounded.
Harold says, "Try to look on the bright side.
Your death will help put my children through school."
Harold gestures at you while chanting. The water rises up and strikes you!!
A demonic guardian appears!
You barely miss Harold.
Harold is moderately wounded.
Harold points at you and mumbles some strange words.
The water rises up and strikes you!!
* * * LOW HITPOINT WARNING * * *
You swap places.
Your iron imp barely misses Harold.
Harold touches your iron imp. Harold drowns your iron imp!
Your iron imp dies!
Your iron imp disappears in a puff of smoke!
As you read the scroll of teleportation, it crumbles to dust.
You feel strangely unstable. Harold attacks as you move away!
Harold touches you.
* * * LOW HITPOINT WARNING * * *
Harold drowns you!
* * * LOW HITPOINT WARNING * * *
Unknown command.
It was a potion of might.
You feel very mighty all of a sudden. Harold completely misses you.
Harold attacks as you move away! Harold touches you. Harold drowns you!
You die...

..# #...#+# ..# #......
..###### #...... .......+
#...### .......#
#########...####...#.. ..######
#..#....#......##'##.. .......#
#..'....#......#...... .......#
#..#....#.....$#...###
###.###########.h~~#......#...#
#...#......#..#.~m.#......#...#
#...'......'.....~~#~~....#...#
#...##+#####.....~.~~~....#...+
.....#........######~~~########
.....#........# ..)...#
.....#........# ......#
.....#.<......# ......#
############### #######


You could see Harold the water nymph.

Vanquished Creatures
  3 two-headed ogres
  Grinder (D:6)
  2 hornets
  A troll (D:10)
  Prince Ribbit (D:6)
  Sigmund (D:2)
  A jumping spider (D:8)
  3 yaks (D:8)
  2 wyverns (D:9)
  2 steam dragons
  Grum (D:10)
  Duvessa (D:4)
  An acid dragon (D:10)
  3 orc warriors
  A swamp drake (D:10)
  2 wolves (D:10)
  A centaur (D:8)
  2 phantoms (D:5)
  A kobold brigand (D:9)
  A bullfrog (D:7)
  A gnoll sergeant (D:5)
  2 scorpions
  6 wights
  Dowan (D:4)
  2 howler monkeys
  2 hounds
  A gnoll bouda (D:4)
  8 orc priests
  2 jellies
  2 iguanas
  A sleepcap (D:8)
  Terence (D:2)
  15 orc wizards
  11 gnolls (D:5)
  5 adders
  2 shadow imps (D:7)
  A white imp (D:6)
  4 worms
  2 dart slugs
  37 orcs
  6 endoplasms
  2 giant cockroaches
  11 goblins
  12 hobgoblins
  5 jackals
  14 kobolds
  6 quokkas
  2 ball pythons
  4 bats
  A frilled lizard (D:2)
  7 rats
207 creatures vanquished.

Vanquished Creatures (collateral kills)
  A hornet (D:8)
  An orc warrior (D:7)
  An orc (D:9)
3 creatures vanquished.

Vanquished Creatures (others)
  A yak (D:8)
1 creature vanquished.

Grand Total: 211 creatures vanquished

Notes
Turn   | Place    | Note
-------+----------+-------------------------------------------
     0 | D:1      | flinch the Demonspawn Shapeshifter began the quest for the
                  | Orb.
     0 | D:1      | Reached XP level 1. HP: 15/15 MP: 1/1
   178 | D:1      | Gained mutation: You have sharp fingernails. [demonic
                  | ancestry]
   178 | D:1      | Reached XP level 2. HP: 21/21 MP: 2/2
   189 | D:1      | Reached skill level 3 in Unarmed Combat
   859 | D:1      | Reached XP level 3. HP: 15/26 MP: 3/3
  1190 | D:2      | Noticed Terence
  1210 | D:2      | Killed Terence
  1211 | D:2      | Reached XP level 4. HP: 20/33 MP: 4/4
  1315 | D:2      | Noticed Sigmund
  1394 | D:2      | Killed Sigmund
  1395 | D:2      | Reached skill level 4 in Unarmed Combat
  1395 | D:2      | Reached skill level 1 in Evocations
  1395 | D:2      | Gained mutation: You have very sharp fingernails. [demonic
                  | ancestry]
  1395 | D:2      | Reached XP level 5. HP: 39/39 MP: 5/5
  1685 | D:2      | Found a runed translucent door.
  1686 | D:2      | Noticed Crazy Yiuf
  1738 | D:3      | Reached XP level 6. HP: 46/46 MP: 6/6
  1824 | D:3      | Found a burning altar of Makhleb.
  1838 | D:3      | Found an ornate altar of the Wu Jian Council.
  1838 | D:3      | Found a blossoming altar of Fedhas.
  1859 | D:3      | Became a worshipper of Makhleb the Destroyer
  2019 | D:3      | Found a faded altar of an unknown god.
  2454 | D:4      | Found an opulent altar of Gozag.
  2493 | D:4      | Noticed mohammadb5305's ghost (amateur HuFE)
  2493 | D:4      | Noticed Duvessa
  2493 | D:4      | Noticed Dowan
  2494 | D:4      | Found a transporter.
  2494 | D:4      | Found a transporter.
  2583 | D:5      | Entered Level 5 of the Dungeon
  2606 | D:5      | Reached skill level 1 in Invocations
  2793 | D:5      | Gained mutation: Your movements are slightly less
                  | encumbered by armour. (ER -2) [demonic ancestry]
  2793 | D:5      | Reached XP level 7. HP: 52/52 MP: 8/8
  3125 | D:5      | Found Zotef's Antique Armour Boutique.
  3128 | D:5      | Bought a runed chain mail for 165 gold pieces
  3196 | D:5      | Reached skill level 5 in Unarmed Combat
  3328 | D:4      | Killed Duvessa
  3493 | D:4      | Killed Dowan
  3682 | D:4      | Identified the +9 great mace of the Absolute Madman {drain,
                  | Dex+3}
  3812 | D:4      | Found a shadowy altar of Dithmenos.
  3864 | D:4      | Reached * piety under Makhleb
  4051 | D:5      | Reached skill level 1 in Armour
  4515 | D:5      | Gained mutation: A weak demonic guardian rushes to your
                  | aid. [demonic ancestry]
  4515 | D:5      | Reached XP level 8. HP: 55/60 MP: 10/10
  4616 | D:6      | Found a staircase to the Ecumenical Temple.
  5071 | D:6      | Noticed Grinder
  5078 | D:6      | Killed Grinder
  5079 | D:6      | Reached skill level 5 in Shapeshifting
  5227 | D:6      | Noticed Prince Ribbit
  5237 | D:6      | Killed Prince Ribbit
  5238 | D:6      | Reached skill level 6 in Unarmed Combat
  5282 | D:6      | Noticed Edmund
  6077 | D:7      | Found a sparkling altar of Nemelex Xobeh.
  6105 | D:7      | Found a sacrificial altar of Ru.
  6113 | D:7      | Found an ancient bone altar of Kikubaaqudgha.
  6379 | D:7      | Found Koitreaf's Antique Weapon Shoppe.
  6471 | D:7      | Reached ** piety under Makhleb
  6510 | D:7      | Reached XP level 9. HP: 32/66 MP: 12/12
  7055 | D:8      | Noticed a two-headed ogre
  7067 | D:8      | a two-headed ogre changed into a jumping spider
  7100 | D:8      | Reached skill level 1 in Throwing
  7216 | D:8      | Paralysed by a hornet for 1 turns
  7224 | D:8      | HP: 2/67 [poisoned by a hornet]
  7226 | D:8      | Reached skill level 5 in Invocations
  7301 | D:8      | Reached skill level 5 in Fighting
  7547 | D:8      | Reached skill level 7 in Unarmed Combat
  7611 | D:8      | Reached skill level 1 in Ranged Weapons
  7970 | D:8      | Found a staircase to the Lair.
  8290 | D:9      | Noticed a two-headed ogre
  8506 | D:9      | Reached XP level 10. HP: 60/74 MP: 14/14
  8582 | D:9      | Killed a two-headed ogre
  8800 | D:9      | Found Zugaawk's Book Emporium.
  8830 | D:9      | Reached skill level 8 in Unarmed Combat
  9276 | D:9      | Reached *** piety under Makhleb
  9310 | D:9      | Noticed a two-headed ogre
  9321 | D:9      | Killed a two-headed ogre
  9380 | D:10     | Entered Level 10 of the Dungeon
  9473 | D:10     | HP: 4/114 [troll (3)]
  9818 | D:10     | Noticed a two-headed ogre
  9829 | D:10     | Killed a two-headed ogre
 10075 | D:10     | Paralysed by a hornet for 3 turns
 10084 | D:10     | Paralysed by a hornet for 2 turns
 10376 | D:10     | Noticed Grum
 10384 | D:10     | Killed Grum
 10443 | D:10     | Noticed Maurice
 10448 | D:10     | Noticed Maurice
 10456 | D:10     | Killed Maurice the swamp drake
 10903 | D:10     | Noticed Harold
 10904 | D:10     | Harold changed into Harold the water nymph
 10904 | D:10     | Noticed Harold
 10914 | D:10     | Drowned by Harold the water nymph

Illustrated notes

Levels and vault maps discovered:
D:1:      reono_arrival_mine, layout_basic, kennysheep_crisscross, minivault_26
D:2:      layout_rooms, st_stairs_5, grunt_ministairs_10, uniq_terence,
          uniq_sigmund, uniq_crazy_yiuf_cottage
D:3:      layout_rooms, grunt_temple_overflow_open,
          hellmonk_ecumenical_altar_inner_sanctum
D:4:      layout_basic, mainiacjoe_overflow_alcove_4, grunt_gozag_statues,
          gammafunk_ghost_smash, uniq_duvessa
D:5:      layout_gridville, serial_shops, nicolae_shop_real_fake_doors,
          pf_guarded_unrand_woodcutter
D:6:      layout_loops_ring, minmay_temple_entry_wispy,
          dreamdust_princess_bridge, moated_statue, uniq_edmund, uniq_grinder,
          uniq_prince_ribbit1
D:7:      layout_gridville, minitemple, serial_shops, shop, grunt_ministairs_8,
          minmay_misc_feat_plants, nicolae_concentric_dashed_squares_mild,
          nicolae_zen_rock_garden
D:8:      layout_loops_corners, dpeg_oklobed_lair
D:9:      layout_irregular_city, serial_shops, nicolae_book_shop_shelving
D:10:     layout_grid_maze, minmay_misc_feat_square,
          amcnicky_mini_corridor_feature, uniq_grum, uniq_maurice, uniq_harold

Skill      XL: |  1  2  3  4  5  6  7  8  9 10 |
---------------+-------------------------------+-----
Unarmed Combat | 3 4 5 6 7 8 |  8.7
Shapeshifting  | 3 4 5 6 7 |  7.4
Fighting       | 2 3 4 5 6 |  6.5
Evocations     | 1 2 |  2.1
Invocations    | 1 3 4 5 7 |  7.3
Armour         | 1 2 3 4 |  4.0
Throwing       | 1 |  1.1
Ranged Weapons | 2 |  2.5
Dodging        | 3 |  3.2

Action                     |  1- 3 |  4- 6 |  7- 9 | 10-12 || total
---------------------------+-------+-------+-------+-------++-------
  Melee: Unarmed           |   119 |   105 |   270 |   118 ||   612
         Punch             |     3 |     3 |     9 |     3 ||    18
   Fire: Orcbow            |       |       |    64 |     8 ||    72
  Throw: Dart              |       |     2 |     8 |    13 ||    23
 Invoke: Minor Destruction |       |       |     5 |    10 ||    15
Ability: Begin Untransform |       |       |     1 |       ||     1
  Evoke: Wand              |       |       |     7 |     6 ||    13
    Use: Potion            |       |     1 |     2 |     2 ||     5
         Scroll            |       |       |     4 |    10 ||    14
 Armour: Animal skin       |     8 |       |       |       ||     8
         Scale mail        |    15 |    40 |       |       ||    55
         Skin              |       |     1 |       |     1 ||     2
         Chain mail        |       |    11 |    23 |       ||    34
         Plate armour      |       |       |    56 |    45 ||   101
  Dodge: Dodged            |    68 |    35 |   114 |    63 ||   280
   Form: Beast             |       |       |     1 |     1 ||     2
         Flux              |       |       |       |     1 ||     1

Table legend: (Time is in decaauts)
 A = Elapsed time spent in this place.
 B = Non-inter-level travel time spent in this place.
 C = Inter-level travel time spent in this place.
 D = Time resting spent in this place.
 E = Time spent auto-exploring this place.
 F = Levels seen in this place.
 G = Mean time per level.
                   A        B        C        D        E       F      G
               +--------+--------+--------+--------+--------+-----+--------+
         Total |  10897 |  10332 |    565 |   2078 |   5983 |  10 | 1089.7 |
       Dungeon |  10897 |  10332 |    565 |   2078 |   5983 |  10 | 1089.7 |
               +--------+--------+--------+--------+--------+-----+--------+

Top non-repeatable levels by time:
     D:5: 1480 daAuts
    D:10: 1473 daAuts
     D:7: 1408 daAuts
     D:8: 1394 daAuts
     D:9: 1058 daAuts
     D:6: 970 daAuts
     D:1: 946 daAuts
     D:4: 865 daAuts
     D:2: 774 daAuts
     D:3: 524 daAuts
